 Dungeon Crawl Stone Soup version 0.19-a0-1012-g919fee8 (webtiles) character file.

367 Auroros the Skirmisher (level 6, -1/43 HPs)
             Began as an Octopode Chaos Knight on July 24, 2016.
             Slain by jehirs's ghost (9 damage)
             ... on level 4 of the Dungeon.
             The game lasted 00:12:27 (2841 turns).

Auroros the Skirmisher (Octopode Chaos Knight)      Turns: 2841, Time: 00:12:28

Health: -1/43      AC:  1    Str: 15    XL:     6   Next: 69%
Magic:  6/6        EV: 14    Int: 14    God:    Xom [..*...]
Gold:   140        SH:  0    Dex: 14    Spells: 0 memorised, 5 levels left

rFire  x . .     SeeInvis .     r - +7 short sword of Odompae {pierce, Str+2 Dex+2}
rCold  + . .     Gourm    +     (no shield)
rNeg   . . .     Faith    .     (helmet restricted)
rPois  .         Spirit   .     l - amulet of the gourmand
rElec  .         Dismiss  .     e - ring of stealth
rCorr  .         Reflect  .     c - ring of ice
SustAt .         Harm     .     (no ring)
MR     .....                    (no ring)
Stlth  +++++.....               (no ring)
                                (no ring)
                                (no ring)
                                (no ring)

@: not resistant to hostile enchantments, quite stealthy
A: almost no armour, amphibious, 8 rings, constrict 8, camouflage 1, gelatinous
body 1
a: Renounce Religion


You were on level 4 of the Dungeon.
You worshipped Xom.
You were a toy of Xom.
You were very full.

You visited 1 branch of the dungeon, and saw 4 of its levels.

You collected 140 gold pieces.

Inventory:

Hand Weapons
 a - a +1 falchion of chaos
 k - a +0 falchion
 r - the +7 short sword of Odompae (weapon) {pierce, Str+2 Dex+2}
   (You found it on level 4 of the Dungeon)

   It inflicts extra damage upon your enemies.
   It affects your strength (+2).
   It affects your dexterity (+2).
Missiles
 d - 3 javelins (quivered)
Jewellery
 c - a ring of ice (right tentacle)
 e - a ring of stealth (left tentacle)
 l - an amulet of the gourmand (around mantle)
 o - an uncursed amulet of guardian spirit
Scrolls
 f - 4 scrolls of identify
 j - a scroll of blinking
 n - a scroll of remove curse
Potions
 h - 2 potions of degeneration
 p - 3 potions of curing
Comestibles
 b - 3 bread rations
 g - a meat ration
 i - 3 beef jerkies
 m - a royal jelly
 q - a chunk of flesh


   Skills:
 + Level 4.1 Fighting
 + Level 4.1 Long Blades
 + Level 2.6 Throwing
 + Level 4.0 Dodging
 + Level 3.6 Stealth


You had 5 spell levels left.
You didn't know any spells.

Dungeon Overview and Level Annotations

Branches:
Dungeon (4/15)
 Temple: D:4-7

Altars:

Annotations:
D:4 jehirs's ghost, amateur FoAK


Innate Abilities, Weirdness & Mutations

You cannot wear most types of armour.
You are amphibious.
You can wear up to eight rings at the same time.
You can use your tentacles to constrict eight enemies at once.
Your skin changes colour to match your surroundings (Stealth+).
Your rubbery body absorbs attacks. (AC +1)


Message History

You closely miss jehirs's ghost.
Jehirs's ghost is heavily damaged.
Jehirs's ghost hits you.
Okay, then.
You puncture jehirs's ghost! Your squeeze misses jehirs's ghost.
Jehirs's ghost is severely damaged.
Jehirs's ghost hits you!
* * * LOW HITPOINT WARNING * * *
You hit jehirs's ghost. Your squeeze misses jehirs's ghost.
Jehirs's ghost is severely damaged.
Jehirs's ghost completely misses you.
You closely miss jehirs's ghost. You squeeze jehirs's ghost.
Jehirs's ghost is severely damaged.
Jehirs's ghost hits you.
* * * LOW HITPOINT WARNING * * *
You hit jehirs's ghost but do no damage.
Jehirs's ghost is severely damaged.
Jehirs's ghost hits you!
You die...
Xom giggles madly!

#.# #.#########.#
###.####.#.......#.########
.........................>#
###.####.#.......##########
.##.####.#...............
.......#.#.......########
..#.#.##.#....[......#
..#.#.##.#.......###.#
..#.#.##.#......@W(..#
#.#.#.<#.#.##.#####..<....###.
#.#.#### #. #. ..........
..#.# # .........## ###..
.........## #### a........#
....# .......... ##..#
.......... .......<..


You could see jehirs's ghost.

Vanquished Creatures
  A hound (D:3)
  3 orc priests (D:3)
  2 orc wizards
  4 gnolls (D:3)
  5 adders
  2 oozes
  2 dart slugs
  2 giant geckos
  12 orcs
  11 bats
  6 giant cockroaches
  4 goblins (D:2)
  8 hobgoblins
  4 jackals (D:3)
  3 quokkas
  2 giant newts
  12 kobolds
  5 rats
88 creatures vanquished.

Notes
Turn   | Place    | Note
-------+----------+-------------------------------------------
     0 | D:1      | Auroros the Octopode Chaos Knight began the quest for the Orb.
     0 | D:1      | Reached XP level 1. HP: 16/16 MP: 1/1
    84 | D:1      | XOM: harmless Conj miscast
   186 | D:1      | Reached XP level 2. HP: 21/21 MP: 2/2
   530 | D:1      | XOM: silly message
   706 | D:2      | Reached XP level 3. HP: 26/26 MP: 3/3
   749 | D:2      | Reached skill level 1 in Stealth
   958 | D:2      | Reached XP level 4. HP: 33/33 MP: 4/4
  1377 | D:3      | Reached skill level 1 in Throwing
  1383 | D:3      | Reached XP level 5. HP: 27/37 MP: 5/5
  1541 | D:3      | Reached XP level 6. HP: 13/43 MP: 6/6
  1625 | D:3      | XOM: harmless Necr miscast
  2123 | D:3      | XOM: harmless Fire miscast
  2130 | D:3      | XOM: cloud trail
  2462 | D:4      | HP: 1/43 [orc wizard/puff of flame (21)]
  2803 | D:4      | Got a steaming short sword
  2804 | D:4      | Identified the +7 short sword of Odompae {pierce, Str+2 Dex+2} (You found it on level 4 of the Dungeon)
  2825 | D:4      | Noticed jehirs's ghost (amateur FoAK)
  2841 | D:4      | Slain by jehirs's ghost

Vault maps used:
D:1:      scummos_arrival_gate
D:2:      kennysheep_generic_room_5

Skill      XL: |  1  2  3  4  5  6 |
---------------+-------------------+-----
Stealth        | 1 2 3 |  3.6
Dodging        | 3 4 |  4.0
Throwing       | 1 2 |  2.6
Fighting       | 4 |  4.1
Long Blades    | 4 |  4.1

Action                   |  1- 3 |  4- 6 || total
-------------------------+-------+-------++-------
Melee: Falchion          |    49 |   104 ||   153
       Constrict         |    12 |    25 ||    37
       Tentacles         |     7 |    16 ||    23
       Short sword       |       |    11 ||    11
Throw: Javelin           |    19 |    34 ||    53
  Use: Scroll            |     5 |     5 ||    10
       Potion            |     2 |     2 ||     4
 Stab: Sleeping          |     3 |     5 ||     8
       Confused          |       |     1 ||     1
  Eat: Chunk             |       |    18 ||    18
Armor: Skin              |     3 |     4 ||     7
Dodge: Dodged            |    25 |    58 ||    83
